Map: Gresvan LE

Players

swardnight

  • Race: Protoss Protoss
  • League: Master
  • Spawn Location: 5:00

IIllIIlIlIIl (Lambo) - Winner!

  • Race: Zerg Zerg
  • League: Master
  • Spawn Location: 11:00

VOD

Have the link to the VOD?

Description

Time

  • Played on: Feb. 20, 2023, 10:09 a.m.
  • Length: 13:03
Show
View Real Time Build Order
Export as new Build Order

swardnight Protoss 

Build Orders: 1 Gate Expand, Oracle Opening 

Get SALT Encoding   

  12  0:00  Probe  
  13  0:12  Probe  
  14  0:19  Pylon  
  14  0:24  Probe  
  15  0:37  Gateway  
  15  0:40  Probe (Chrono Boost)  
  16  0:48  Probe (Chrono Boost)  
  17  0:51  Assimilator  
  17  0:54  Probe  
  18  1:06  Probe  
  19  1:18  Probe  
  20  1:26  Nexus  
  20  1:35  Cybernetics Core  
  20  1:39  Probe  
  21  1:43  Assimilator  
  21  1:51  Probe  
  22  1:55  Pylon  
  22  2:03  Probe  
  23  2:11  Adept (Chrono Boost)  
  25  2:15  Probe  
  26  2:23  Stargate  
  26  2:27  Probe  
  27  2:31  Stalker (Chrono Boost)  
  29  2:39  Probe (Chrono Boost)  
  31  2:45  Probe (Chrono Boost)  
  31  2:48  Warp Gate  
  31  2:49  Probe (Chrono Boost)  
  32  2:53  Probe x2 (Chrono Boost)  
  34  3:04  Probe  
  34  3:05  Probe  
  36  3:07  Oracle (Chrono Boost)  
  39  3:15  Pylon  
  39  3:16  Probe  
  39  3:17  Probe  
  41  3:20  Gateway  
  41  3:28  Probe  
  41  3:29  Probe  
  43  3:38  Oracle (Chrono Boost)  
  43  3:40  Probe  
  47  3:41  Probe  
  48  3:49  Nexus  
  48  3:52  Pylon  
  48  3:59  Probe  
  48  4:00  Probe  
  48  4:05  Assimilator  
  48  4:12  Oracle (Chrono Boost), Shield Battery, Probe x2  
  53  4:24  Twilight Council, Probe, Forge  
  53  4:25  Probe  
  53  4:28  Gateway  
  55  4:36  Adept  
  55  4:37  Probe (Chrono Boost)  
  59  4:42  Probe (Chrono Boost)  
  60  4:45  Pylon  
  60  4:47  Probe (Chrono Boost)  
  60  4:50  Probe (Chrono Boost)  
  60  4:51  Blink  
  60  4:52  Probe (Chrono Boost)  
  61  4:53  Protoss Ground Weapons Level 1 (Chrono Boost)  
  62  5:01  Probe (Chrono Boost)  
  62  5:03  Probe (Chrono Boost)  
  62  5:05  Probe (Chrono Boost)  
  65  5:13  Probe (Chrono Boost)  
  68  5:14  Probe (Chrono Boost)  
  68  5:15  Gateway  
  68  5:16  Gateway  
  68  5:17  Probe (Chrono Boost)  
  68  5:18  Probe (Chrono Boost)  
  68  5:19  Probe (Chrono Boost)  
  70  5:22  Pylon  
  70  5:25  Probe  
  70  5:27  Probe, Gateway  
  72  5:29  Probe  
  73  5:38  Forge  
  73  5:41  Pylon  
  73  5:42  Pylon  
  73  5:46  Photon Cannon  
  73  5:47  Nexus  
  73  5:50  Photon Cannon  
  73  5:55  Pylon  
  73  5:59  Adept  
  75  6:08  Stalker x2, Protoss Ground Armor Level 1 (Chrono Boost)  
  79  6:17  Probe x2  
  79  6:18  Probe  
  82  6:22  Photon Cannon  
  82  6:24  Assimilator  
  82  6:29  Stalker x4, Probe  
  82  6:30  Probe x2  
  93  6:36  Stalker x2  
  97  6:41  Probe  
  97  6:42  Charge, Probe x2  
  99  6:49  Gateway  
  99  6:52  Stalker x3, Gateway  
  99  6:53  Pylon  
  105  6:56  Shield Battery  
  105  6:59  Photon Cannon, Probe x2, Protoss Ground Weapons Level 2 (Chrono Boost)  
  107  7:01  Probe  
  107  7:02  Probe  
  109  7:15  Robotics Facility  
  109  7:18  Zealot x5  
  119  7:31  Zealot  
  119  7:45  Zealot x6  
  129  7:54  Stalker x2  
  131  8:03  Protoss Ground Armor Level 2 (Chrono Boost)  
  127  8:07  Stalker x6  
  139  8:15  Observer (Chrono Boost)  
  139  8:26  Zealot x2  
  109  8:36  Stalker x5  
  109  8:37  Stalker  
  105  8:45  Probe x2  
  105  8:46  Probe  
  101  8:51  Stalker x2  
  101  9:00  Probe x3  
  99  9:02  Probe  
  99  9:06  Stalker x6  
  100  9:12  Probe  
  100  9:13  Observer (Chrono Boost)  
  94  9:25  Stalker, Pylon  
  86  9:39  Stalker x2  
  86  9:41  Zealot x5  
  94  9:57  Shield Battery  
  94  9:59  Shield Battery  
  92  10:01  Shield Battery  
  92  10:03  Stalker x3  
  92  10:04  Zealot x5, Pylon  
  101  10:10  Gateway  
  101  10:11  Gateway  
  101  10:13  Gateway  
  99  10:15  Gateway  
  99  10:17  Pylon  
  99  10:19  Probe x2 (Chrono Boost)  
  99  10:20  Probe (Chrono Boost)  
  94  10:29  Probe (Chrono Boost)  
  94  10:30  Probe x2 (Chrono Boost)  
  94  10:34  Probe x2 (Chrono Boost)  
  97  10:44  Nexus  
  97  10:47  Stalker  
  97  10:48  Stalker  
  101  10:54  Pylon  
  101  10:55  Probe x3  
  100  11:04  Zealot x3  
  100  11:11  Zealot x3  
  93  11:22  Zealot x4  
  93  11:23  Zealot x2  
  81  11:37  Stalker x4  
  75  11:44  Probe x3  
  78  11:56  Probe (Chrono Boost)  
  78  11:57  Probe x2 (Chrono Boost)  
  84  12:08  Probe (Chrono Boost)  
  84  12:09  Probe x2 (Chrono Boost)  
  84  12:14  Probe x2 (Chrono Boost)  
  84  12:15  Stalker x3  
  90  12:20  Sentry x3  
  98  12:35  Stalker x4  
  93  12:48  Zealot x5  
Show
View Real Time Build Order
Export as new Build Order

IIllIIlIlIIl Zerg - Winner!

Build Orders: Hatch First 

Get SALT Encoding   

  12  0:00  Drone  
  13  0:12  Overlord  
  13  0:16  Drone  
  14  0:30  Drone x2  
  16  0:49  Drone x2  
  18  0:56  Hatchery  
  17  1:00  Drone  
  18  1:09  Extractor  
  17  1:13  Spawning Pool  
  17  1:17  Drone  
  17  1:20  Drone  
  18  1:29  Drone  
  19  1:41  Drone  
  20  1:55  Overlord  
  20  2:01  Queen  
  20  2:08  Queen  
  22  2:09  Zergling x2, Drone  
  26  2:16  Metabolic Boost  
  26  2:17  Zergling x2  
  26  2:21  Drone  
  28  2:27  Drone  
  29  2:30  Drone  
  30  2:40  Hatchery, Drone  
  30  2:41  Drone  
  31  2:47  Queen  
  33  2:51  Overlord  
  33  3:01  Drone  
  33  3:02  Drone  
  35  3:10  Queen  
  35  3:12  Zergling x2  
  38  3:13  Drone  
  38  3:14  Drone x2  
  38  3:17  Drone x2  
  38  3:19  Drone  
  44  3:21  Overlord  
  44  3:31  Overlord  
  44  3:38  Queen  
  44  3:39  Drone  
  44  3:40  Drone x2  
  49  3:43  Drone x3  
  52  3:54  Queen  
  58  3:55  Drone x4  
  58  3:59  Overlord  
  57  4:03  Drone, Spore Crawler  
  57  4:07  Spore Crawler  
  57  4:09  Overlord  
  56  4:11  Drone x2  
  56  4:14  Overlord  
  58  4:19  Drone x4  
  62  4:25  Drone x3  
  62  4:26  Overlord  
  65  4:33  Drone x2  
  65  4:36  Extractor  
  66  4:39  Extractor  
  66  4:41  Zergling x4, Roach Warren  
  66  4:43  Lair  
  66  4:44  Queen  
  68  4:46  Drone  
  68  4:47  Drone  
  68  4:50  Overlord  
  68  4:51  Drone  
  68  4:52  Drone  
  72  4:56  Drone x3  
  75  5:05  Drone x6  
  81  5:08  Drone x2  
  81  5:12  Spore Crawler  
  83  5:14  Extractor, Drone  
  83  5:19  Overlord  
  82  5:21  Extractor  
  82  5:22  Drone x7  
  82  5:23  Extractor, Evolution Chamber  
  82  5:24  Drone  
  86  5:34  Drone x2  
  86  5:35  Drone  
  89  5:42  Queen  
  91  5:45  Hatchery  
  90  5:50  Zerg Missile Weapons Level 1  
  90  5:51  Roach  
  90  5:52  Roach x6  
  90  5:53  Overlord  
  90  5:55  Overlord  
  90  5:56  Overlord  
  104  6:02  Glial Reconstitution  
  104  6:03  Overlord  
  104  6:04  Burrow  
  104  6:07  Roach  
  106  6:11  Overlord  
  106  6:17  Roach x7  
  120  6:20  Overlord  
  120  6:22  Overlord  
  120  6:25  Roach x2  
  124  6:32  Overlord  
  124  6:36  Roach x5  
  134  6:41  Overlord x2  
  133  6:50  Roach x8  
  147  7:00  Queen x3  
  147  7:02  Queen  
  147  7:03  Roach x5  
  163  7:08  Roach x3  
  163  7:16  Queen  
  163  7:17  Queen x2  
  163  7:18  Roach x9  
  163  7:21  Tunneling Claws  
  181  7:29  Roach  
  191  7:30  Roach x4  
  189  7:41  Roach x2  
  189  7:49  Overlord x2  
  189  7:50  Zerg Missile Weapons Level 2  
  183  7:53  Roach x3  
  183  7:56  Roach x4  
  191  8:10  Roach x6  
  191  8:12  Roach x3  
  191  8:15  Roach x4  
  199  8:24  Roach  
  199  8:25  Roach x2  
  195  8:30  Roach  
  195  8:31  Roach  
  185  8:41  Roach x9  
  175  8:43  Hydralisk Den, Roach x16  
  175  8:44  Roach  
  188  8:48  Roach x5  
  188  8:49  Roach x2  
  192  8:59  Roach x9  
  192  9:00  Roach x13  
  198  9:08  Roach x7  
  188  9:13  Roach x7  
  188  9:14  Hatchery  
  195  9:22  Roach  
  187  9:26  Roach x7  
  187  9:32  Muscular Augments  
  187  9:34  Drone x6  
  187  9:35  Extractor, Evolution Chamber  
  185  9:39  Hydralisk x6  
  197  9:47  Hydralisk x2  
  195  10:01  Hydralisk x4  
  195  10:04  Overseer  
  195  10:06  Zerg Ground Armor Level 1  
  191  10:08  Hydralisk x6  
  191  10:10  Drone x13  
  190  10:20  Hydralisk x4  
  194  10:25  Drone x3  
  194  10:26  Drone x2  
  198  10:36  Roach x26  
  200  10:43  Grooved Spines  
  200  10:47  Infestation Pit  
  199  11:02  Roach x9  
  199  11:03  Queen  
  199  11:04  Hydralisk x3  
  193  11:08  Hydralisk x5  
  199  11:13  Roach x7  
  191  11:18  Roach x5  
  191  11:23  Drone x9  
  191  11:24  Drone x6  
  194  11:27  Hive  
  194  11:28  Roach x4  
  186  11:35  Roach  
  186  11:36  Roach x5  
  186  11:38  Overseer  
  182  11:43  Hydralisk x4  
  186  11:48  Hydralisk x2  
  188  11:56  Roach  
  188  11:57  Roach x5  
  200  12:13  Extractor  
  199  12:15  Extractor  
  199  12:16  Hydralisk  
  199  12:17  Lurker Den  
  199  12:20  Spine Crawler  
  199  12:21  Roach x4, Spine Crawler  
  199  12:22  Extractor  
  194  12:26  Roach  
  194  12:27  Roach x2  
  200  12:31  Spore Crawler  
  199  12:43  Roach x4  
Tags
 
Add a new tag
Caveats
  • Supply blocks, unpowered buildings, or Contaminate may cause inaccurate times.
  • Supply counts are checked every 10 seconds.